 Dungeon Crawl Stone Soup version 0.23-a0-386-g9c9d49f623 (webtiles) character file.

7695 Niddhogr the Thaumaturge (level 11, 77/77 HPs)
             Began as a Demonspawn Wizard on Oct 29, 2018.
             Was an Initiate of Gozag.
             Quit the game on level 10 of the Dungeon.
             The game lasted 00:48:51 (11290 turns).

Niddhogr the Thaumaturge (Demonspawn Wizard)       Turns: 11290, Time: 00:48:51

Health: 77/77      AC:  6    Str:  7    XL:     11   Next: 0%
Magic:  13/33      EV: 14    Int: 32    God:    Gozag
Gold:   567        SH:  2    Dex:  7    Spells: 5/28 levels left

rFire    + . .     SeeInvis .   G - +1 mace "Undertaker" {crush, rElec Int+8 Dex-4}
rCold    . . .     Gourm    .   (no shield)
rNeg     . . .     Faith    .   J - +2 robe {rF+}
rPois    .         Spirit   .   b - +0 hat
rElec    +         Reflect  +   q - +0 cloak
rCorr    .         Harm     .   c - +0 pair of gloves
MR       .....                  (no boots)
Stlth    +++.......             y - +2 amulet of reflection
HPRegen  0.22/turn              f - ring of magical power
MPRegen  0.23/turn              (no ring)

@: gold aura
A: antennae 1, repulsion field 1, demonic guardian 1, spiny 1
a: Potion Petition, Call Merchant, Bribe Branch, Renounce Religion


You were on level 10 of the Dungeon.
You worshipped Gozag.
Gozag was pleased with you.
You were not hungry.

You visited 2 branches of the dungeon, and saw 11 of its levels.

You collected 1782 gold pieces.
You spent 595 gold pieces at shops.
You paid 620 gold pieces to Gozag.

Inventory:

Hand Weapons
 e - a +2 spear of venom
 G - the +1 mace "Undertaker" (weapon) {crush, rElec Int+8 Dex-4}
   (You found it on level 7 of the Dungeon)

   It inflicts extra damage upon your enemies.
   It affects your intelligence (+8).
   It affects your dexterity (-4).
   It insulates you from electricity.
 H - a +4 quarterstaff of chaos
 I - a +2 dagger of chaos
Missiles
 g - 69 arrows
 z - a throwing net (quivered)
Armour
 b - a +0 hat (worn)
 c - a +0 pair of gloves (worn)
 q - a +0 cloak (worn)
 J - a +2 robe of fire resistance (worn)
Jewellery
 f - a ring of magical power (left hand)
 y - a +2 amulet of reflection (around neck)
Wands
 C - a wand of clouds (4)
Scrolls
 i - 7 scrolls of remove curse
 j - a scroll of fog
 n - a scroll of enchant weapon
 o - a scroll of silence {unknown}
 p - a scroll of teleportation
 t - a scroll of magic mapping
 w - 2 scrolls of fear
 x - 2 scrolls of amnesia
 B - 2 scrolls of enchant armour {unknown}
 D - a scroll of blinking
 F - a scroll of random uselessness {unknown}
Potions
 h - a potion of haste
 k - 3 potions of lignification
 l - 6 potions of curing
 m - 3 potions of heal wounds
 r - a potion of agility {unknown}
 s - 4 potions of flight
 u - 2 potions of resistance
 v - a potion of invisibility {unknown}
 A - 2 potions of mutation
 E - 2 potions of might {unknown}
Comestibles
 d - 11 rations


   Skills:
 - Level 4.0 Fighting
 - Level 1.7 Dodging
 - Level 6.1 Stealth
 - Level 9.0 Spellcasting
 - Level 8.1 Conjurations
   Level 1.0 Summonings
 - Level 0.8 Translocations
 - Level 6.1 Fire Magic
 + Level 5.7 Air Magic


You had 5 spell levels left.
You knew the following spells:

 Your Spells              Type           Power        Failure   Level  Hunger
a - Airstrike             Air            ######....   3%          4    None
b - Blink                 Tloc           N/A          3%          2    None
c - Mephitic Cloud        Conj/Pois/Air  #####...     1%          3    None
d - Conjure Flame         Conj/Fire      ######..     1%          3    None
e - Magic Dart            Conj           ####         1%          1    None
f - Fireball              Conj/Fire      ######....   4%          5    ###....
l - Lightning Bolt        Conj/Air       ######....   5%          5    ###....

Your spell library contained the following spells:

 Spells                   Type           Power        Failure   Level  Hunger
 Flame Tongue             Conj/Fire      #####        1%          1    None
 Shock                    Conj/Air       ####         1%          1    None
 Swiftness                Chrm/Air       ####....     1%          2    None
 Throw Flame              Conj/Fire      ######       1%          2    None
 Static Discharge         Conj/Air       ######..     1%          3    None
 Stone Arrow              Conj/Erth      #####.       1%          3    None
 Sticky Flame             Conj/Fire      ######..     1%          4    None
 Confusing Touch          Hex            ##....       3%          1    None
 Sandblast                Erth           ##....       3%          1    None
 Call Imp                 Summ           ###.....     3%          2    None
 Inner Flame              Hex/Fire       ####....     3%          3    None
 Passwall                 Tmut/Erth      ##......     4%          2    None
 Slow                     Hex            ##......     4%          2    None
 Gell's Gravitas          Tloc           ###.......   7%          3    None
 Confuse                  Hex            ##......     10%         3    None
 Petrify                  Tmut/Erth      ##......     32%         4    None
 Lee's Rapid Deconstruct  Erth           ##........   67%         5    ###....
 Metabolic Englaciation   Hex/Ice        ##........   67%         5    ###....
 Yara's Violent Unravell  Hex/Tmut       ##........   67%         5    ###....


Dungeon Overview and Level Annotations

Branches:
Dungeon (10/15)            Temple (1/1) D:4            Lair (0/6) D:9
    Orc (0/2) D:9

Altars:
Ashenzari
Fedhas
Gozag
Hepliaklqana
Kikubaaqudgha
Makhleb
Nemelex Xobeh
Okawaru
Qazlal
Ru
Sif Muna
Trog
Uskayaw
Vehumet
Wu Jian
The Shining One
Beogh

Shops:
D:7 :


Innate Abilities, Weirdness & Mutations

You have a pair of small antennae on your head.
You are surrounded by a mild repulsion field. (EV +2)
A weak demonic guardian rushes to your aid.
You are partially covered in sharp spines.


Message History

The air twists around and strikes the wight!
The wight is moderately damaged.
Casting: Airstrike (safe; 3% risk of failure)
Confirm with . or Enter, or press ? or * to list all spells.
Aiming: Airstrike (safe; 3% risk of failure)
Press: ? - help, Dir - move target cursor, f/p - wight
Aim: a wight, wielding a +2 halberd and wearing a +0 robe (moderately damaged)
The air twists around and strikes the wight!
You destroy the wight!
You have reached level 11!
Your demonic ancestry asserts itself...
Sharp spines emerge from parts of your body.
Unknown command.
Casting: Airstrike (safe; 3% risk of failure)
Confirm with . or Enter, or press ? or * to list all spells.
You don't know that spell.
Unknown command.
Unknown command.
Unknown command.
Are you sure you want to abandon this character and quit the game? (Confirm

.#.####.#####ยง##...........#.#
.#.# #.# #.##.###########.#
.#.# #.# #.##.# #.# .#.# #.#
#.##.# #.# .#.####.# #.##.# #.#
........# #.##.# #.# ##......#
##+##.# #.# ........# #.....#
##......# #....@# ##......#
#.....# ##......# #.....#
##......# #.....# ##......#
#....$# ##......# ##+##z#
.#......### #$# .#..........
#.# ..(########.


You could see a wight.

Vanquished Creatures
  Psyche (D:10)
  A hippogriff (D:8)
  3 hogs (D:7)
  A basilisk (D:9)
  A human (D:7)
  A wyvern (D:9)
  10 yaks
  3 porcupines (D:9)
  A black bear (D:7)
  2 orc warriors
  4 phantoms
  3 necrophages
  An eye of draining (D:5)
  A centaur (D:8)
  An ogre (D:6)
  3 crocodiles
  3 bullfrogs
  A scorpion (D:8)
  9 wights
  4 howler monkeys
  8 crimson imps
  A quasit (D:8)
  A bullfrog zombie (D:9)
  11 orc priests
  7 hounds
  2 bullfrog skeletons
  2 centaur zombies
  7 orc wizards
  Crazy Yiuf (D:7)
  2 iguanas
  4 worker ants
  A hound zombie (D:5)
  A hound skeleton (D:8)
  6 gnolls
  10 adders
  2 shadow imps
  3 white imps (D:7)
  An ooze (D:4)
  An adder zombie (D:6)
  An adder skeleton (D:5)
  4 worms
  2 dart slugs (D:1)
  2 leopard geckos (D:1)
  26 orcs
  2 ball pythons
  8 giant cockroaches
  7 goblins
  7 hobgoblins
  13 jackals
  A quokka (D:6)
  7 bats
  5 frilled lizards
  7 kobolds
  A leopard gecko skeleton (D:5)
  4 quokka skeletons
  6 rats
228 creatures vanquished.

Vanquished Creatures (collateral kills)
  2 yaks (D:9)
  A hog (D:7)
  2 ice beasts (D:6)
  An orc warrior (D:9)
  A sky beast (D:9)
  2 eyes of draining
  A centaur (D:8)
  A bullfrog (D:6)
  2 howler monkeys (D:8)
  A crimson imp (D:7)
  A gnoll shaman (D:4)
  2 gnolls (D:4)
  A shadow imp (D:7)
  4 orcs
  A giant cockroach (D:8)
23 creatures vanquished.

Vanquished Creatures (others)
  A plant (D:9)
1 creature vanquished.

Grand Total: 252 creatures vanquished

Notes
Turn   | Place    | Note
-------+----------+-------------------------------------------
     0 | D:1      | Niddhogr the Demonspawn Wizard began the quest for the Orb.
     0 | D:1      | Reached XP level 1. HP: 13/13 MP: 4/4
   342 | D:1      | Gained mutation: A weak demonic guardian rushes to your
                  | aid. [demonic ancestry]
   342 | D:1      | Reached XP level 2. HP: 18/19 MP: 4/6
   602 | D:1      | Reached XP level 3. HP: 9/24 MP: 0/7
  1197 | D:2      | Learned a level 2 spell: Blink
  1201 | D:2      | Learned a level 3 spell: Mephitic Cloud
  1303 | D:2      | Found a hide-covered altar of Uskayaw.
  1305 | D:2      | Found a glowing golden altar of the Shining One.
  1308 | D:2      | Found a shattered altar of Ashenzari.
  1454 | D:2      | Reached XP level 4. HP: 21/30 MP: 3/8
  1459 | D:2      | Learned a level 3 spell: Conjure Flame
  1878 | D:3      | Found a shattered altar of Ashenzari.
  2720 | D:4      | Reached skill level 5 in Conjurations
  2720 | D:4      | Reached XP level 5. HP: 35/35 MP: 3/9
  3095 | D:4      | Found a staircase to the Ecumenical Temple.
  3109 | Temple   | Entered the Ecumenical Temple
  3115 | Temple   | Became a worshipper of Gozag Ym Sagoz the Greedy
  3199 | D:4      | Gained mutation: You have a pair of small antennae on your
                  | head. [demonic ancestry]
  3199 | D:4      | Reached XP level 6. HP: 35/41 MP: 3/10
  3384 | D:5      | Entered Level 5 of the Dungeon
  3651 | D:5      | Reached XP level 7. HP: 46/46 MP: 0/11
  3659 | D:5      | Found a bloodstained altar of Trog.
  4215 | D:5      | Reached skill level 4 in Spellcasting
  4926 | D:6      | Reached skill level 5 in Spellcasting
  4935 | D:6      | Reached XP level 8. HP: 52/52 MP: 9/16
  5256 | D:6      | Reached skill level 6 in Spellcasting
  5561 | D:6      | You fall through a shaft for 2 floors!
  5574 | D:8      | Noticed a hippogriff
  5846 | D:8      | Reached skill level 5 in Stealth
  6081 | D:8      | Killed a hippogriff
  6185 | D:8      | Reached XP level 9. HP: 50/57 MP: 13/18
  6219 | D:8      | Reached skill level 1 in Fighting
  7198 | D:7      | Found a sacrificial altar of Ru.
  7216 | D:7      | Reached skill level 1 in Fire Magic
  7268 | D:7      | Found a runed door.
  7269 | D:7      | Got a transparent mace
  7270 | D:7      | Identified the cursed +1 mace "Undertaker" {crush, rElec
                  | Int+8 Dex-4} (You found it on level 7 of the Dungeon)
  7274 | D:7      | Noticed Crazy Yiuf
  7282 | D:7      | Killed Crazy Yiuf
  7926 | D:7      | Reached skill level 5 in Fire Magic
  8206 | D:6      | Found a sparkling altar of Nemelex Xobeh.
  8762 | D:8      | Found a deep blue altar of Sif Muna.
  8816 | D:7      | Bought a book of Flames for 595 gold pieces
  8822 | D:7      | Learned a level 5 spell: Fireball
  9226 | D:9      | Found a staircase to the Orcish Mines.
  9320 | D:9      | Gained mutation: You are surrounded by a mild repulsion
                  | field. (EV +2) [demonic ancestry]
  9320 | D:9      | Reached XP level 10. HP: 71/71 MP: 4/20
  9320 | D:9      | Reached skill level 7 in Spellcasting
  9731 | D:9      | Found a roughly hewn altar of Beogh.
  9966 | D:9      | Learned a level 5 spell: Lightning Bolt
 10169 | D:9      | Reached skill level 8 in Spellcasting
 10229 | D:9      | Reached skill level 9 in Spellcasting
 10237 | D:9      | Reached skill level 1 in Air Magic
 10246 | D:9      | Found a staircase to the Lair.
 10412 | D:9      | Found an iron altar of Okawaru.
 10412 | D:9      | Found a hazy altar of Hepliaklqana.
 10444 | D:9      | Learned a level 4 spell: Airstrike
 10591 | D:10     | Entered Level 10 of the Dungeon
 11045 | D:10     | Reached skill level 5 in Air Magic
 11076 | D:10     | Noticed Psyche
 11173 | D:10     | Killed Psyche
 11289 | D:10     | Gained mutation: You are partially covered in sharp spines.
                  | [demonic ancestry]
 11289 | D:10     | Reached XP level 11. HP: 77/77 MP: 13/24
 11290 | D:10     | Quit the game

Vault maps used:
D:1:      dpeg_arrival_central, minmay_misc_feat_four_crosses
D:2:      minitemple
D:3:      minmay_misc_feat_secret_circle, nicolae_ashenzari_panopticon
D:4:      minmay_temple_entry_large_hall, first_ration, due_unseen_surprise
D:5:      trog_eyes_of_draining
D:6:      lemuel_round_altar, serial_column_ruins, column_ruins_hut,
          column_ruins_square_large, column_ruins_columns_corner,
          column_ruins_open_small, column_ruins_grid_4,
          column_ruins_corridor_dead_end, column_ruins_open_tiny, minivault_25
D:7:      basic_altar, grunt_livestock, minmay_misc_feat_plants,
          minmay_nine_imps, uniq_crazy_yiuf_cottage
D:8:      lemuel_doored_altar
D:9:      gammafunk_temple_overflow_wave, minmay_lair_entry_grove,
          minmay_orc_entry_temple_small
D:10:     serial_undead, serial_undead_c, serial_undead_f, serial_undead_d,
          serial_undead_f, uniq_psyche
Temple:   eino_narrow_crystal_temple

Skill      XL: |  1  2  3  4  5  6  7  8  9 10 |
---------------+-------------------------------+-----
Conjurations   | 2 3 4 5 6 7 8 |  8.1
Spellcasting   | 5 6 9 |  9.0
Stealth        | 6 |  6.1
Fighting       | 4 |  4.0
Fire Magic     | 6 |  6.1
Air Magic      | 5 |  5.7
Dodging        | |  1.7
Summonings     | |  1.0
Translocations | |  0.8

Action                   |  1- 3 |  4- 6 |  7- 9 | 10-12 || total
-------------------------+-------+-------+-------+-------++-------
Melee: Spear             |    67 |   113 |   155 |       ||   335
       Unarmed           |     1 |       |       |       ||     1
       Mace              |       |       |    98 |   114 ||   212
 Cast: Magic Dart        |    45 |    55 |   319 |    97 ||   516
       Mephitic Cloud    |       |       |     8 |     6 ||    14
       Conjure Flame     |       |       |     8 |     3 ||    11
       Fireball          |       |       |     1 |     5 ||     6
       Blink             |       |       |     1 |     2 ||     3
       Airstrike         |       |       |       |    27 ||    27
       Lightning Bolt    |       |       |       |     1 ||     1
Invok: Call Merchant     |       |       |     1 |       ||     1
Evoke: Wand              |       |       |       |     1 ||     1
  Use: Scroll            |     7 |     7 |     8 |     1 ||    23
       Potion            |       |       |     1 |     1 ||     2
 Stab: Sleeping          |     3 |     3 |     3 |     1 ||    10
       Distracted        |       |     2 |     2 |       ||     4
       Confused          |       |       |     4 |     3 ||     7
  Eat: Chunk             |     2 |     6 |       |       ||     8
       Ration            |       |       |     6 |     2 ||     8
Armor: Robe              |     8 |     7 |    63 |    22 ||   100
Dodge: Dodged            |    52 |    52 |   181 |    85 ||   370
Block: Other             |       |     1 |    16 |     6 ||    23
       Reflection        |       |       |     2 |       ||     2

Table legend:
 A = Non-vault XP
 B = Vault XP
 C = Vault XP percentage of total XP
 D = Non-vault monster count
 E = Vault monster count
 F = Vault count percentage of total count
                 A         B        C        D         E       F
            +---------+---------+-------+---------+---------+-------
      Total |    7053 |    3941 |  35.8 |     208 |      43 |  17.1
            +---------+---------+-------+---------+---------+-------
        D:1 |      61 |       0 |   0.0 |      32 |       0 |   0.0
        D:2 |      61 |       0 |   0.0 |      17 |       0 |   0.0
        D:3 |      40 |       0 |   0.0 |      11 |       0 |   0.0
        D:4 |     280 |       0 |   0.0 |      23 |       0 |   0.0
        D:5 |     567 |     226 |  28.5 |      17 |       4 |  19.0
        D:6 |    1008 |       0 |   0.0 |      33 |       0 |   0.0
        D:7 |     560 |     995 |  64.0 |      15 |      15 |  50.0
        D:8 |    1225 |       0 |   0.0 |      26 |       0 |   0.0
        D:9 |    1585 |    1918 |  54.8 |      22 |      19 |  46.3
       D:10 |    1666 |     802 |  32.5 |      12 |       5 |  29.4
            +---------+---------+-------+---------+---------+-------
